 Dungeon Crawl Stone Soup version 0.30.1-4-g462c640d31 (webtiles) character file.

Game seed: 2100428893708118334

154 spardeous the Conjurer (level 4, -2/33 HPs)
             Began as a Demigod Conjurer on Aug 15, 2023.
             Killed from afar by an orc wizard (7 damage)
             ... with a magic dart
             ... on level 3 of the Dungeon.
             The game lasted 00:01:58 (2385 turns).

spardeous the Conjurer (Demigod Conjurer)           Turns: 2385, Time: 00:01:58

Health: -2/33      AC:  5    Str:  8    XL:     4   Next: 88%
Magic:  1/12       EV: 10    Int: 24    God:
Gold:   92         SH:  0    Dex: 12    Spells: 6/9 levels left

rFire   . . .        m - +4 dagger (drain)
rCold   . . .        (no shield)
rNeg    . . .        g - +0 ring mail
rPois   .            (no helmet)
rElec   .            (no cloak)
rCorr   .            (no gloves)
SInv    .            (no boots)
Will    .....        (no amulet)
Stlth   +            (no ring)
HPRegen 0.25/turn    (no ring)
MPRegen 0.13/turn

%: no passive effects
@: no status effects
A: high MP 1, forlorn, divine attributes
a: no special abilities


You were on level 3 of the Dungeon.
You visited 1 branch of the dungeon, and saw 3 of its levels.

You collected 92 gold pieces.

Inventory:

Hand Weapons
 c - a +0 dagger
 m - a +4 dagger of draining (weapon)
Armour
 a - a +0 robe
 g - a +0 ring mail (worn)
Scrolls
 e - 2 scrolls of brand weapon {unknown}
 h - a scroll of identify {unknown}
 j - a scroll of immolation {unknown}
 k - a scroll of enchant armour {unknown}
Potions
 b - a potion of magic
 d - a potion of haste {unknown}
 f - a potion of lignification {unknown}
 i - a potion of cancellation {unknown}
 l - a potion of curing {unknown}


   Skills:
 - Level 1.7 Dodging
 - Level 1.7 Stealth
 + Level 3.4 Spellcasting
 + Level 4.9 Conjurations


You had 6 spell levels left.
You knew the following spells:

 Your Spells              Type           Power      Damage    Failure   Level
a - Magic Dart            Conj           100%       1d8       4%          1
b - Searing Ray           Conj           54%        2d6       6%          2

Your spell library contained the following spells:

 Spells                   Type           Power      Damage    Failure   Level
 Dazzling Flash           Conj/Hex       30%        N/A       34%         3
 Fulminant Prism          Conj/Hex       7%         3d6       75%         4
 Iskenderun's Mystic Bla  Conj/Tloc      15%        2d5       75%         4


Dungeon Overview and Level Annotations

Branches:
Dungeon (3/15)

Shops:
D:1 *


Innate Abilities, Weirdness & Mutations

You have an increased reservoir of magic. (+10% MP)
You shall have no god before yourself.
Your divine heritage dramatically boosts your attributes as you level up.


Message History

Something hits you.
* * * LOW HITPOINT WARNING * * *
You take 2 damage, and have 9/33 hp.
You now have 1/12 mp.
The searing ray hits the hobgoblin.
You kill the hobgoblin!
Something hits you but does no damage.
You now have 0/12 mp.
Without enough magic to sustain it, your searing ray dissipates.
Something hits you.
* * * LOW HITPOINT WARNING * * *
You take 1 damage, and have 8/33 hp.
You closely miss something.
You hear some strange, mumbled words.
You are confused.
You bump into the rock wall.
Something hits you.
* * * LOW HITPOINT WARNING * * *
You bump into the rock wall.
You hear some strange, mumbled words.
A magic dart appears from out of thin air!
The magic dart hits you.
* * * LOW HITPOINT WARNING * * *
You take 3 damage, and have 5/33 hp.
Unknown command.
You bump into the rock wall.
You hear some strange, mumbled words.
Something tries to affect you, but you resist.
You barely miss something. Something hits you but does no damage.
You're too confused to cast spells.
You closely miss something.
You hear some strange, mumbled words.
Something tries to affect you, but you resist.
You bump into the rock wall.
Something hits you.
* * * LOW HITPOINT WARNING * * *
You take 1 damage, and have 5/33 hp.
You bump into the rock wall.
You feel less confused.
You hear some strange, mumbled words.
A magic dart appears from out of thin air!
The magic dart hits you!
You die...

#.#
#.#
#.#
#.#
#.####
#....#
####.#
#.#
#@#
#{#
#)#
#)#
#)#
#.#
#.#
#.#
#.#


There were no monsters in sight!

Vanquished Creatures
  2 orc priests (D:3)
  An orc wizard (D:3)
  An adder (D:2)
  A worm (D:2)
  4 dart slugs
  3 orcs (D:3)
  3 ball pythons (D:1)
  4 endoplasms
  2 giant cockroaches (D:1)
  3 goblins
  7 hobgoblins
  4 jackals (D:1)
  3 kobolds
  A quokka (D:1)
  4 bats
  2 frilled lizards (D:1)
  5 rats
50 creatures vanquished.

Notes
Turn   | Place    | Note
-------+----------+-------------------------------------------
     0 | D:1      | spardeous the Demigod Conjurer began the quest for the Orb.
     0 | D:1      | Reached XP level 1. HP: 14/14 MP: 5/5
   228 | D:1      | Found Cissiukk's Assorted Antiques.
   275 | D:1      | Reached XP level 2. HP: 20/20 MP: 4/7
   482 | D:1      | Reached skill level 4 in Conjurations
   937 | D:1      | Reached XP level 3. HP: 26/26 MP: 7/9
  1311 | D:2      | Learned a level 2 spell: Searing Ray
  2218 | D:3      | Reached XP level 4. HP: 33/33 MP: 4/11
  2385 | D:3      | Killed from afar by an orc wizard

Illustrated notes

Levels and vault maps discovered:
D:1:      nagdon_arrival_zigzag_paths, layout_basic, basic_ecumenical_altar,
          serial_shops, shop
D:2:      layout_rooms, grunt_ministairs_9, lightli_corner_chamber
D:3:      layout_loops_ring, tgw_sif, kiku_gazebo_garden_becter,
          minmay_misc_feat_four_crosses, mrwooster_statue_mirror, uniq_natasha,
          uniq_terence

Skill      XL: |  1  2  3 |
---------------+----------+-----
Spellcasting   | 2 3 |  3.4
Conjurations   | 4 |  4.9
Dodging        | |  1.7
Stealth        | |  1.7

Action                     |  1- 3 |  4- 6 || total
---------------------------+-------+-------++-------
  Melee: Dagger            |    12 |    14 ||    26
   Cast: Magic Dart        |    93 |    10 ||   103
         Searing Ray       |     1 |     2 ||     3
 Armour: Robe              |     4 |       ||     4
         Ring mail         |     2 |     7 ||     9
  Dodge: Dodged            |    15 |     2 ||    17
